 Dungeon Crawl Stone Soup version 0.21-a0-95-g06f091e (webtiles) character file.

3801 Musica the Grappler (level 10, -3/58 HPs)
             Began as a Gargoyle Monk on July 5, 2017.
             Was a Priest of Wu Jian.
             Slain by an orc warrior
             ... wielding a +0 glaive
              (13 damage)
             ... on level 8 of the Dungeon.
             The game lasted 00:39:20 (6538 turns).

Musica the Grappler (Gargoyle Monk)                 Turns: 6538, Time: 00:39:21

Health: -3/58      AC: 13    Str: 16    XL:     10   Next: 17%
Magic:  18/18      EV: 13    Int: 14    God:    Wu Jian [***...]
Gold:   324        SH:  0    Dex: 22    Spells: 17/20 levels left

rFire    . . .     SeeInvis .     - Unarmed
rCold    + + .     Gourm    .   (no shield)
rNeg     + . .     Faith    +   p - +0 leather armour {MR+}
rPois    ∞         Spirit   .   (no helmet)
rElec    +         Reflect  .   (no cloak)
rCorr    .         Harm     .   (no gloves)
MR       ++...                  k - +0 pair of boots
Stlth    ++........             C - amulet of faith
HPRegen  0.19/turn              q - +2 ring of protection
MPRegen  0.16/turn              l - +5 ring of dexterity

@: no status effects
A: talons 1, agile 1, blink, blurry vision 1, clever 2, cold resistance 2, magic
resistance 1, negative energy resistance 1, electricity resistance, unbreathing,
petrification resistance, rot immunity, AC +7
a: Blink, Renounce Religion


You were on level 8 of the Dungeon.
You worshipped Wu Jian.
Wu Jian was most pleased with you.
You were not hungry.

You visited 2 branches of the dungeon, and saw 10 of its levels.

You collected 324 gold pieces.

Inventory:

Missiles
 c - 173 stones
 e - 15 poisoned needles
 g - 6 tomahawks (quivered)
 r - 31 arrows
Armour
 a - a +1 robe
 i - a +0 leather armour of positive energy
 k - a +0 pair of boots (worn)
 p - a +0 leather armour of magic resistance (worn)
Jewellery
 l - a +5 ring of dexterity (right hand)
 n - an uncursed ring of protection from fire
 q - a +2 ring of protection (left hand)
 t - an uncursed ring of stealth
 y - an uncursed ring of protection from magic
 C - an amulet of faith (around neck)
 D - an uncursed ring of flight
 H - an uncursed ring of protection from magic
Wands
 d - a wand of confusion (14/48)
 j - a wand of iceblast (0/15)
 v - a wand of iceblast (3/15)
 w - a wand of polymorph (7/24)
 z - a wand of random effects (21/48)
 F - a wand of digging (9/24)
 I - a wand of acid (9/15)
 J - a wand of lightning (5/15)
Scrolls
 f - 4 scrolls of amnesia
 h - 5 scrolls of enchant armour
 s - 4 scrolls of teleportation
 x - a scroll of magic mapping {unknown}
 A - 2 scrolls of identify
 G - a scroll of blinking
 K - a scroll of remove curse
Potions
 B - a potion of invisibility
 E - a potion of curing
 L - a potion of might
Books
 m - a book of Changes

   Spells                             Type                      Level
   a - Beastly Appendage              Transmutation                1
   b - Sticks to Snakes               Transmutation                2
   c - Spider Form                    Transmutation/Poison         3
   d - Ice Form                       Ice/Transmutation            4
   e - Blade Hands                    Transmutation                5
Comestibles
 b - 8 bread rations
 o - 6 meat rations
 u - 8 chunks of flesh


   Skills:
 + Level 4.6 Fighting
 + Level 2.2 Throwing
 - Level 1.5 Armour
 - Level 2.7 Dodging
 - Level 2.1 Stealth
 + Level 10.4 Unarmed Combat
 * Level 5.6 Spellcasting
 * Level 5.2 Transmutations


You had 17 spell levels left.
You knew the following spells:

 Your Spells              Type           Power        Failure   Level  Hunger
a - Beastly Appendage     Tmut           ###...       2%          1    None
b - Sticks to Snakes      Tmut           ###.....     3%          2    ##.....


Dungeon Overview and Level Annotations

Branches:
Dungeon (9/15)             Temple (1/1) D:7
   Lair: D:8-11         Orc: D:9-12

Altars:
Ashenzari
Cheibriados
Dithmenos
Elyvilon
Fedhas
Gozag
Kikubaaqudgha
Makhleb
Nemelex Xobeh
Okawaru
Qazlal
Ru
Sif Muna
Trog
Uskayaw
Vehumet
Wu Jian
Yredelemnul
Zin
The Shining One

Shops:
D:5 =


Innate Abilities, Weirdness & Mutations

You are resistant to torment.
Your stone body is resilient. (AC +7)
You are immune to poison.
You resist negative energy. (rN+)
You are resistant to electric shocks. (rElec)
You can survive without breathing.
You are immune to petrification.
You are immune to rotting.
You have sharp toenails.
You are agile. (Dex +2)
You can translocate small distances at will.
Scrolls take you a little longer to read.
Your mind is very acute. (Int +4)
Your flesh is very cold resistant. (rC++)
You are resistant to hostile enchantments. (MR+)


Message History

The Council accepts your kill.
The orc warrior hits you with a glaive!!
* * * LOW HITPOINT WARNING * * *
The orc warrior hits you from afar with a glaive!
* * * LOW HITPOINT WARNING * * *
Found a scroll labeled TADOHUA XALEH.
Found a stone staircase leading down.
You feel better. The orc barely misses you.
You spin and attack the orc.
You punch the orc!
You kill the orc!
The Council accepts your kill.
A bullfrog comes into view.
The bullfrog moves out of view.
Really read with blurry vision while enemies are nearby?
Okay, then.
Unknown command.
You have no room to wall jump.
There is a stone staircase leading up here.
The orc warrior hits you from afar with a glaive!
You die...

#.....#......
#.....#......
#...).#......
#.....#......
#.....#.....)
#)....###....
#######..[[.##..#..
#....##..>..#..#..#
#.@..####).........
#....#.....##......
#...o#.##†......###
#....o.o.....#.##
#.....#...####.# .
#......##.#.# #.. #
###.......$...
..###
#...%#.##.##.# ....
........ #?# # ####


You could see an orc warrior and an orc.

Vanquished Creatures
  Pikel (D:6)
  3 yaks (D:8)
  Eustachio (D:6)
  Menkaure (D:4)
  A water moccasin (D:6)
  5 sky beasts
  2 ice beasts
  2 ogres (D:6)
  A phantom (D:6)
  A black bear (D:8)
  A necrophage (D:7)
  4 bullfrogs
  A gnoll sergeant (D:8)
  A water moccasin skeleton (D:5)
  A scorpion (D:6)
  5 wights (D:6)
  A howler monkey (D:4)
  2 crimson imps (D:6)
  An orc priest (D:6)
  2 jellies
  5 orc wizards
  2 bullfrog skeletons (D:5)
  2 centaur skeletons (D:5)
  4 iguanas
  6 worker ants
  A worker ant zombie (D:6)
  5 gnolls (D:8)
  A howler monkey skeleton (D:4)
  7 adders
  A shadow imp (D:5)
  2 adder skeletons
  A worm (D:3)
  A dart slug (D:2)
  3 leopard geckos
  18 orcs
  A ball python (D:1)
  6 giant cockroaches
  14 goblins
  3 hobgoblins (D:1)
  2 jackals (D:4)
  5 kobolds
  5 quokkas
  8 bats
  3 frilled lizards
  4 rats (D:1)
147 creatures vanquished.

Vanquished Creatures (collateral kills)
  A quokka skeleton (D:4)
1 creature vanquished.

Grand Total: 148 creatures vanquished

Notes
Turn   | Place    | Note
-------+----------+-------------------------------------------
     0 | D:1      | Musica the Gargoyle Monk began the quest for the Orb.
     0 | D:1      | Reached XP level 1. HP: 14/14 MP: 1/1
   184 | D:1      | Reached XP level 2. HP: 19/19 MP: 2/2
   234 | D:2      | Found a faded altar of an unknown god.
   312 | D:1      | You fall through a shaft!
   325 | D:2      | Found an opulent altar of Gozag.
   436 | D:2      | Reached XP level 3. HP: 20/24 MP: 3/3
  1162 | D:2      | Learned a level 1 spell: Beastly Appendage
  1200 | D:2      | Gained mutation: You are agile. (Dex +2) [potion of mutation]
  1200 | D:2      | Gained mutation: You are partially covered in large bone plates. (SH +4) [potion of mutation]
  1201 | D:2      | Lost mutation: You are agile. (Dex +2) [potion of mutation]
  1201 | D:2      | Lost mutation: You are partially covered in large bone plates. (SH +4) [potion of mutation]
  1201 | D:2      | Gained mutation: Your mind is acute. (Int +2) [potion of mutation]
  1201 | D:2      | Gained mutation: Your mind is very acute. (Int +4) [potion of mutation]
  1308 | D:5      | Entered Level 5 of the Dungeon
  1308 | D:5      | Found a sparkling altar of Nemelex Xobeh.
  1355 | D:4      | Noticed Menkaure
  1368 | D:3      | Reached XP level 4. HP: 20/29 MP: 3/5
  1599 | D:3      | Reached skill level 4 in Unarmed Combat
  1848 | D:3      | Reached skill level 1 in Transmutations
  2232 | D:4      | Reached skill level 1 in Throwing
  2232 | D:4      | Reached skill level 1 in Spellcasting
  2232 | D:4      | Reached XP level 5. HP: 28/33 MP: 6/6
  2279 | D:4      | Found a sacrificial altar of Ru.
  2421 | D:4      | Learned a level 2 spell: Sticks to Snakes
  2624 | D:4      | Found a radiant altar of Vehumet.
  2701 | D:4      | Reached XP level 6. HP: 29/38 MP: 8/8
  2978 | D:4      | Killed Menkaure
  2978 | D:4      | Reached skill level 1 in Armour
  2978 | D:4      | Reached skill level 5 in Unarmed Combat
  3316 | D:5      | Found a hide-covered altar of Uskayaw.
  3316 | D:5      | Found a shadowy altar of Dithmenos.
  3316 | D:5      | Found a burning altar of Makhleb.
  3348 | D:5      | Found a stormy altar of Qazlal.
  3348 | D:5      | Found an ornate altar of the Wu Jian Council.
  3349 | D:5      | Found a white marble altar of Elyvilon.
  3356 | D:5      | Became a worshipper of the Wu Jian Council
  3356 | D:5      | Reached * piety under Wu Jian
  3356 | D:5      | Reached ** piety under Wu Jian
  3426 | D:5      | Reached XP level 7. HP: 42/42 MP: 10/10
  3797 | D:5      | Found Hutymer's Jewellery Shop.
  3926 | D:5      | Reached skill level 6 in Unarmed Combat
  4179 | D:6      | Reached XP level 8. HP: 43/48 MP: 12/12
  4284 | D:6      | Reached skill level 7 in Unarmed Combat
  4798 | D:6      | Noticed Eustachio
  4841 | D:6      | Killed Eustachio
  4954 | D:6      | Reached skill level 8 in Unarmed Combat
  4954 | D:6      | Reached XP level 9. HP: 48/52 MP: 15/15
  5208 | D:6      | Gained mutation: You are resistant to hostile enchantments. (MR+) [mutagenic meat]
  5299 | D:6      | Noticed Pikel
  5315 | D:6      | Killed Pikel
  5315 | D:6      | Reached *** piety under Wu Jian
  5315 | D:6      | Reached skill level 9 in Unarmed Combat
  5369 | D:6      | Gained mutation: Scrolls take you a little longer to read. [mutagenic meat]
  5370 | D:6      | Gained mutation: You have sharp toenails. [mutagenic meat]
  5372 | D:6      | Gained mutation: You can translocate small distances at will. [mutagenic meat]
  5373 | D:6      | Gained mutation: You are agile. (Dex +2) [mutagenic meat]
  5529 | D:6      | Gained mutation: Your flesh is cold resistant. (rC+) [mutagenic meat]
  5530 | D:6      | Gained mutation: Your flesh is very cold resistant. (rC++) [mutagenic meat]
  5531 | D:6      | Lost mutation: Your mind is very acute. (Int +4) [mutagenic meat]
  5644 | D:6      | Reached skill level 5 in Spellcasting
  6022 | D:7      | Found a staircase to the Ecumenical Temple.
  6033 | Temple   | Entered the Ecumenical Temple
  6392 | D:8      | Reached skill level 10 in Unarmed Combat
  6396 | D:8      | Reached skill level 5 in Transmutations
  6396 | D:8      | Reached XP level 10. HP: 38/58 MP: 16/18
  6445 | D:9      | Gained mutation: Your mind is very acute. (Int +4) [mutagenic meat]
  6527 | D:8      | HP: 2/58 [orc warrior/glaive (15)]
  6538 | D:8      | Slain by an orc warrior

Vault maps used:
D:1:      denvon_arrival_planthouse, kennysheep_flooded_box
D:2:      grunt_gozag_breadcrumbs, chequers_ecumenical_altar_simple_redux,
          hangedman_decor_growths
D:3:      small_statue_intersection
D:4:      vehumet_crystals, nicolae_ru_awakened_eye, uniq_menkaure
D:5:      grunt_temple_overflow_open, first_bread, serial_shops, shop
D:6:      uniq_eustachio, uniq_pikel
D:7:      minmay_temple_entry_hall, minmay_misc_feat_five
D:9:      regret_index_temple_of_mockery
Temple:   minmay_temple_curvy_loop

Skill      XL: |  1  2  3  4  5  6  7  8  9 |
---------------+----------------------------+-----
Unarmed Combat | 4 5 6 8 10 | 10.4
Transmutations | 1 2 4 5 |  5.2
Throwing       | 1 2 |  2.2
Spellcasting   | 1 2 3 4 5 |  5.6
Armour         | 1 |  1.5
Fighting       | 4 |  4.6
Dodging        | |  2.7
Stealth        | |  2.1

Action                   |  1- 3 |  4- 6 |  7- 9 | 10-12 || total
-------------------------+-------+-------+-------+-------++-------
Melee: Unarmed           |   125 |   197 |   413 |    39 ||   774
       Punch             |     1 |     2 |    17 |       ||    20
       Kick              |     2 |       |       |       ||     2
       Headbutt          |       |     6 |    15 |       ||    21
Throw: Tomahawk          |     2 |    16 |    14 |       ||    32
 Cast: Beastly Appendage |     1 |     4 |     9 |       ||    14
       Sticks to Snakes  |       |     3 |     6 |       ||     9
Evoke: Wand              |       |     2 |     9 |     2 ||    13
  Use: Scroll            |     7 |     1 |     6 |       ||    14
       Potion            |     6 |     1 |     1 |     1 ||     9
 Stab: Sleeping          |     3 |     2 |     6 |     1 ||    12
       Distracted        |       |     1 |     1 |       ||     2
  Eat: Chunk             |     2 |     6 |    16 |     5 ||    29
       Fruit             |       |       |     2 |       ||     2
       Royal jelly       |       |       |     1 |       ||     1
Armor: Robe              |    48 |    34 |       |       ||    82
       Leather armour    |       |    30 |   143 |     9 ||   182
Dodge: Dodged            |   102 |   138 |   202 |    25 ||   467
